 Dungeon Crawl Stone Soup version 0.28.0-53-g5a82cb258f (webtiles) character file.

Game seed: 8394165472015709967

1542 unlimited1921 the Magician (level 9, -4/57 HPs)
             Began as a Djinni Fire Elementalist on July 31, 2022.
             Was an Initiate of Makhleb.
             Slain by an ogre
             ... wielding a +0 giant club
              (31 damage)
             ... on level 5 of the Dungeon.
             The game lasted 00:21:36 (9703 turns).

unlimited1921 the Magician (DjFE)                   Turns: 9703, Time: 00:21:38

Health: -4/57      AC:  5    Str:  7    XL:     9   Next: 11%
Gold:   306        EV: 17    Int: 21    God:    Makhleb [......] SH:  0 Dex: 14

rFire   + + .      SeeInvis .   s - +0 quarterstaff
rCold   x . .      Faith    .   (shield currently unavailable)
rNeg    + . .      Spirit   .   v - +2 robe of Egalitarianism {rN+}
rPois   ∞          Reflect  .   (no helmet)
rElec   .          Harm     .   (no cloak)
rCorr   .          Rampage  .   u - +0 pair of gloves
Will    .....                   (boots unavailable)
Stlth   ++........              (no amulet)
HPRegen 0.19/turn               D - +4 ring of evasion
MPRegen 0.00/turn               (no ring)

@: flying
A: sickness immunity, fire resistance 2, cold vulnerability 1, float, innate
caster, HP casting, extra vitality 1
a: Renounce Religion


You were on level 5 of the Dungeon.
You worshipped Makhleb.
Makhleb was noncommittal.
You visited 1 branch of the dungeon, and saw 6 of its levels.
You also visited: Sewer.

You collected 306 gold pieces.

Inventory:

Hand Weapons
 b - a +0 dagger
 c - a +0 short sword
 s - a +0 quarterstaff (weapon)
 x - a +0 bardiche
Missiles
 e - 69 bolts
 i - 116 stones
 l - 4 poisoned darts (quivered)
 n - 64 sling bullets
 C - 4 atropa-tipped darts
Armour
 a - a +0 robe
 f - a +0 leather armour
 j - a +0 ring mail
 u - a +0 pair of gloves (worn)
 v - the +2 robe of Egalitarianism (worn) {rN+}
   (You found it on level 3 of the Dungeon)

   rN:        It protects you from negative energy.
Jewellery
 D - a +4 ring of evasion (left hand)
Scrolls
 d - 2 scrolls of noise {unknown}
 g - a scroll of silence {unknown}
 h - a scroll of teleportation
 m - a scroll of blinking {unknown}
 r - a scroll of enchant weapon
 y - a scroll of fear {unknown}
 B - a scroll of fog
 E - a scroll of enchant armour {unknown}
Potions
 k - a potion of mutation
 o - 2 potions of curing {unknown}
 p - a potion of berserk rage
 q - a potion of might
 w - 3 potions of flight {unknown}
 z - a potion of lignification {unknown}
 A - 2 potions of resistance {unknown}
Miscellaneous
 t - a phial of floods


   Skills:
 + Level 1.5 Fighting
 + Level 3.3 Armour
 + Level 3.0 Dodging
 + Level 3.3 Stealth
 + Level 7.5 Spellcasting


You had one spell level left.
You knew the following spells:

 Your Spells              Type           Power      Damage    Failure   Level
a - Foxfire               Conj/Fire      100%       2x1d9     1%          1
b - Scorch                Fire           78%        2d9       1%          2
c - Conjure Flame         Conj/Fire      39%        6-21      1%          3
d - Inner Flame           Hex/Fire       39%        N/A       1%          3
e - Flame Wave            Conj/Fire      39%        2d9       3%          4
f - Pain                  Necr           100%       1d9       1%          1
g - Wereblood             Tmut           39%        N/A       1%          2
h - Corpse Rot            Necr/Air       78%        N/A       1%          2
i - Summon Ice Beast      Ice/Summ       39%        N/A       3%          4
Your spell library was empty.

Dungeon Overview and Level Annotations

Branches:
Dungeon (6/15)              Sewer (visited)
 Temple: D:4-7

Altars:
Makhleb

Shops:
D:1 (

Annotations:
D:5 Grinder
D:6 Eustachio


Innate Abilities, Weirdness & Mutations

You are immune to sickness and miasma.
You are immune to poison.
Your flesh is very heat resistant. (rF++)
You are vulnerable to cold. (rC-)
You float through the air rather than walking.
You learn spells naturally, not from books.
Your magical power is your life essence.
You have superior vitality. (+4 MHP)


Message History

The fiery explosion engulfs the gnoll!!
You kill the gnoll!
Makhleb accepts your kill.
Unknown command.
You fly upwards.
Level annotation: Grinder
There is a stone staircase leading down here.
You start resting.
HP restored.
You fly downwards.
A gnoll opens the door.
An ogre comes into view. It is wielding a +0 giant club.
There is a stone staircase leading up here.
Casting: Scorch (safe; 1% risk of failure)
Confirm with . or Enter, or press ? or * to list all spells.
Flames lash the gnoll.
The gnoll is severely wounded.
The gnoll's fire resistance burns away.
Eustachio the Magnificent comes into view.
He is wielding a +0 falchion.
The ogre misses you.
You fly upwards.
Level annotation: Grinder
There is a stone staircase leading down here.
Casting: Scorch (safe; 1% risk of failure)
Confirm with . or Enter, or press ? or * to list all spells.
You don't know that spell.
Unknown command.
Casting: Scorch (safe; 1% risk of failure)
Confirm with . or Enter, or press ? or * to list all spells.
Flames lash the ogre.
The ogre is moderately wounded.
The ogre's fire resistance burns away.
You hear a shout!
The ogre hits you with a +0 giant club!!
Casting: Scorch (safe; 1% risk of failure)
Confirm with . or Enter, or press ? or * to list all spells.
Flames lash the ogre.
The ogre is burned terribly!
The ogre is almost dead.
The ogre hits you with a +0 giant club!!
Ouch! That really hurt!
You die...

####.#
....##........##....
#.##.#####......#.......
#.#.. ##......####.|..
#.#.# #.......####..#.
#...###...............#.
#.#........#......##.##.
#...#######......##....
##.....#####......####..
#..###.@O.........####..
#.## ######........##...
########)#
##..........##
#........#
##########......##
#........#
##...##...#........
#........#
##.........).....###
#.....>..#
#............#...#
#........#
#............#...#
#........#
#............#...#


You could see an ogre (combustible).

Vanquished Creatures
  2 water moccasins
  Duvessa (D:4)
  A black bear (D:4)
  A sky beast (D:5)
  2 ogres (D:5)
  A necrophage (D:4)
  3 centaurs
  A bullfrog (D:5)
  A scorpion (D:5)
  A water moccasin zombie (D:5)
  Dowan (D:3)
  A howler monkey (D:5)
  3 bullfrog skeletons (D:5)
  Natasha (twice) (D:3)
  A hound zombie (D:5)
  3 gnolls (D:6)
  4 adders
  2 worms
  2 dart slugs
  7 endoplasms
  7 giant cockroaches
  3 goblins
  6 hobgoblins
  8 kobolds
  3 quokkas
  5 ball pythons
  7 bats
  3 frilled lizards
  4 rats
86 creatures vanquished.

Vanquished Creatures (others)
  236 foxfires
236 creatures vanquished.

Grand Total: 322 creatures vanquished

Notes
Turn   | Place    | Note
-------+----------+-------------------------------------------
     0 | D:1      | unlimited1921 the Djinni Fire Elementalist began the quest
                  | for the Orb.
     0 | D:1      | Reached XP level 1. HP: 15/15 MP: 0/0
   351 | D:1      | Reached XP level 2. HP: 13/21 MP: 0/0
   620 | D:1      | Found a faded altar of an unknown god.
   970 | D:1      | Reached skill level 3 in Spellcasting
   988 | D:1      | Reached XP level 3. HP: 11/25 MP: 0/0
   988 | D:1      | Learned a level 1 spell: Pain
  2491 | D:1      | Found Ufikuenn's Antique Weapon Emporium.
  4268 | D:2      | Reached XP level 4. HP: 25/31 MP: 0/0
  5302 | D:3      | Found a glowing drain.
  5339 | Sewer    | Entered a sewer
  5519 | Sewer    | Noticed a water moccasin
  5524 | Sewer    | Killed a water moccasin
  5525 | Sewer    | Reached skill level 1 in Armour
  5525 | Sewer    | Reached skill level 4 in Spellcasting
  5525 | Sewer    | Reached XP level 5. HP: 23/35 MP: 0/0
  5525 | Sewer    | Learned a level 2 spell: Wereblood
  5785 | D:3      | Noticed a centaur
  5792 | D:3      | Killed a centaur
  5793 | D:3      | Reached XP level 6. HP: 30/40 MP: 0/0
  5883 | D:3      | Identified the +2 robe of Egalitarianism {rN+}
  6206 | D:3      | Noticed Natasha
  6219 | D:3      | Killed Natasha
  6425 | D:3      | Found a burning altar of Makhleb.
  6439 | D:3      | Became a worshipper of Makhleb the Destroyer
  6758 | D:4      | Noticed a black bear
  7044 | D:4      | Killed a black bear
  7045 | D:4      | Reached XP level 7. HP: 34/45 MP: 0/0
  7045 | D:4      | Learned a level 2 spell: Corpse Rot
  7063 | D:4      | Noticed Duvessa
  7068 | D:4      | Killed Duvessa
  7069 | D:4      | Reached skill level 5 in Spellcasting
  7069 | D:4      | Noticed Dowan
  7096 | D:3      | Killed Dowan
  7104 | D:3      | Noticed Natasha
  7108 | D:3      | Killed Natasha
  7668 | D:5      | Entered Level 5 of the Dungeon
  7677 | D:4      | Reached XP level 8. HP: 33/51 MP: 0/0
  7888 | D:5      | Reached skill level 6 in Spellcasting
  8500 | D:5      | Reached skill level 1 in Fighting
  8568 | D:5      | Noticed Grinder
  8846 | D:5      | Reached skill level 7 in Spellcasting
  8854 | D:5      | Paralysed by Grinder for 6 turns
  9253 | D:5      | Reached XP level 9. HP: 13/57 MP: 0/0
  9253 | D:5      | Learned a level 4 spell: Summon Ice Beast
  9699 | D:6      | Noticed Eustachio
  9703 | D:5      | Slain by an ogre

Illustrated notes

Levels and vault maps discovered:
D:1:      dpeg_arrival_brainrot, layout_basic, serial_shops, nicolae_shop_trees,
          shapermc_ecumenical_altar_starsandcircs
D:2:      layout_loops_ring
D:3:      layout_basic, bloody_makhleb, portal_sewer_entry_d, uniq_natasha
D:4:      layout_basic, hangedman_glass_teeth, minmay_misc_feat_rows,
          uniq_duvessa
D:5:      layout_rooms, serial_curves, eino_curves_03, eino_curves_01,
          uniq_grinder
D:6:      layout_basic, uniq_eustachio, uniq_menkaure

Skill      XL: |  1  2  3  4  5  6  7  8 |
---------------+-------------------------+-----
Spellcasting   | 3 4 5 7 |  7.5
Stealth        | 2 3 |  3.3
Armour         | 1 2 3 |  3.3
Fighting       | 1 |  1.5
Dodging        | 3 |  3.0

Action                   |  1- 3 |  4- 6 |  7- 9 || total
-------------------------+-------+-------+-------++-------
Melee: Dagger            |     1 |     1 |       ||     2
       Quarterstaff      |       |     1 |       ||     1
 Cast: Foxfire           |    59 |    46 |    54 ||   159
       Scorch            |    13 |    12 |    30 ||    55
       Inner Flame       |       |     4 |     4 ||     8
  Use: Scroll            |       |       |     5 ||     5
Armor: Leather armour    |     2 |     1 |       ||     3
       Robe              |       |       |     5 ||     5
Dodge: Dodged            |     3 |     4 |    20 ||    27
